 Dungeon Crawl Stone Soup version 0.31-a0-654-gbe3e110b4e (webtiles) character file.

Game seed: 17292888459573823000

2876 ytrimaz the Martial Artist (level 9, -1/49 (53) HPs)
             Began as an Octopode Shapeshifter on Aug 29, 2023.
             Slain by a wight
             ... wielding a +5 scimitar of freezing
              (5 damage)
             ... on level 8 of the Dungeon.
             The game lasted 00:07:47 (6392 turns).

ytrimaz the Martial Artist (Octopode Shapeshifter)  Turns: 6392, Time: 00:07:48

HP:   -1/49 (53)    AC:  1    Str: 13    XL:     9   Next: 76%
MP:   9/9           EV: 15    Int: 12    God:
Gold: 241           SH:  0    Dex: 16    Spells: 8/8 levels left

rFire   . .          .
                       - Unarmed
rCold   . . .        (no shield)
rNeg    . . .        (helmet currently unavailable)
rPois   +            e - amulet of regeneration
rElec   .            k - ring of poison resistance
rCorr   .            (no ring)
SInv    .            (no ring)
Will    .....        (no ring)
Stlth   ++++         (no ring)
HPRegen 1.08/turn    (no ring)
MPRegen 0.11/turn    (no ring)
                     (no ring)

%: no passive effects
@: beast-form, drained
A: beast (slay +4), almost no armour, amphibious, 8 rings, camouflage 1,
gelatinous body 1, (nimble swimmer 1), tentacles
a: Begin Untransformation


You were on level 8 of the Dungeon.
You were a hulking beast.
You visited 2 branches of the dungeon, and saw 9 of its levels.
You also visited: Sewer.

You collected 295 gold pieces.
You spent 54 gold pieces at shops.


Innate Abilities, Weirdness & Mutations

You are a hulking beast.
Your limbs bulge with bestial killing power. (Slay +4)
You cannot wear most types of armour.
You are amphibious.
You can wear up to eight rings at the same time.
Your skin changes colour to match your surroundings (Stealth+).
Your rubbery body absorbs attacks. (AC +1, EV +1)
((You are camouflaged when in or above water. (Stealth+)))
You have tentacles for arms and can constrict up to eight enemies at once.


   Skills:
 - Level 1.0 Fighting
 + Level 5.1 Dodging
 - Level 5.0 Stealth
 + Level 9.2 Unarmed Combat
 + Level 7.8 Shapeshifting


You had 8 spell levels left.
You didn't know any spells.
Your spell library contained the following spells:

 Spells                   Type           Power      Damage    Failure   Level
 Cigotuvi's Dreadful Rot  Necr/Pois/Air  0%         N/A       45%         2
 Wereblood                Tmut           0%         N/A       45%         2
 Ignite Poison            Fire/Tmut/Pois 0%         N/A       69%         3
 Ozocubu's Armour         Ice            0%         N/A       69%         3
 Freezing Cloud           Conj/Ice/Air   0%         6-21      100%        5
 Irradiate                Conj/Tmut      0%         3d11      100%        5
 Ozocubu's Refrigeration  Ice            0%         4d7       100%        7

Inventory:

Jewellery
 e - an amulet of regeneration (around mantle)
   (You found it on level 7 of the Dungeon)
 k - a ring of poison resistance (left tentacle)
   (You found it on level 2 of the Dungeon)
Talismans
 b - a beast talisman (active)
 c - a flux talisman
 g - a maw talisman
   (You found it on level 6 of the Dungeon)
Wands
 u - a wand of flame (39)
   (You found it on level 5 of the Dungeon)
 v - a wand of roots (8)
   (You found it on level 7 of the Dungeon)
Scrolls
 a - 3 scrolls of noise {unknown}
 d - a scroll of fog
 f - 2 scrolls of teleportation
 l - a scroll of immolation
 p - a scroll of revelation
 q - 2 scrolls of vulnerability {unknown}
 r - a scroll of enchant weapon {unknown}
 s - a scroll of brand weapon {unknown}
 t - a scroll of enchant armour {unknown}
Potions
 h - a potion of enlightenment
 i - a potion of invisibility {unknown}
 j - a potion of might
 m - a potion of curing
 n - 2 potions of brilliance {unknown}
 o - 2 potions of ambrosia
 w - 2 potions of mutation {unknown}

Dungeon Overview and Level Annotations

Branches:
Dungeon (8/15) Zot: 26873  Temple (1/1) D:6 Zot: 5996   Sewer (visited)
   Lair: D:8-11

Altars:
Cheibriados
Dithmenos
Elyvilon
Fedhas
Gozag
Hepliaklqana
Kikubaaqudgha
Makhleb
Nemelex Xobeh
Okawaru
Qazlal
Sif Muna
Uskayaw
Wu Jian
Xom
Yredelemnul
Zin
The Shining One

Shops:
D:3 *

Annotations:
D:5 1 runed translucent door, LobsterGuardian's ghost, weakling GnDe
D:8 exclusion: oklob plant

..... ..............
#.... #. ..##..........
..>. #..
##..##.......... .#.
...# ##.>##........#). #
...####.z. ##<...).##..
.........####.....####)
#..)..)..#......###)
#.....##.........###
##.h..#.....#...####
#z.###.....#.#..#..
.......#.....#......
.....##........#......
.......#..........##....
..................######
....#.........#####
....... ...


You could see 2 wights.


Message History

You take 1 damage, and now have 51/53 hp.
You tentacle-slap the orc wizard. You grab the orc wizard.
You squeeze the orc wizard. You constrict the orc wizard.
The orc closely misses you.
The orc wizard barely misses you. 😕 HP[+1]
You tentacle-slap the orc wizard. You constrict the orc wizard.
The orc hits you with a +1 dagger of venom.
You are poisoned.
The orc wizard hits you with a +0 dagger. 😕 HP[-4]
You take 4 damage, and now have 48/53 hp.
You tentacle-slap the orc wizard but do no damage.
You constrict the orc wizard.
You feel very sick.
The orc wizard hits you with a +0 dagger.
The orc closely misses you. 😕 HP[-4]
You take 4 damage, and now have 44/53 hp.
You tentacle-slap the orc wizard.
You kill the orc wizard!
You feel sick. 😕 HP[-1]
You take 1 damage, and now have 43/53 hp.
You bludgeon the orc!
You kill the orc!
You feel sick.
No target in view!
You feel sick.
Things that are here:
a +1 dagger of venom; 2 boomerangs; a +0 scale mail 😕 HP[-1]
You take 1 damage, and now have 42/53 hp.
Unknown command.
You feel sick.
You feel sick.
You feel sick.
You feel sick.
You feel sick.
You feel sick.
You are no longer poisoned.
Things that are here:
a +1 dagger of venom; 2 boomerangs; a +0 scale mail Key pressed, stopping explore.
You now have 241 gold pieces (gained 23).
Key pressed, stopping explore.
Unknown command. 😎 HP[+11]
Your hp is fully restored (53).
Things that are here:
a +0 club; a +0 scale mail A wight comes into view.
It is wielding a +1 scimitar.
The wight moves out of view.
A wight is nearby!
A wight is nearby! 2 wights come into view.
A wight is wielding a +5 scimitar of freezing.
The wight barely misses you.
You bludgeon the wight! You grab the wight. You constrict the wight.
The wight barely misses you.
A wight comes into view. It is wielding a +2 dagger.
You bludgeon the wight!
You destroy the wight!
Your Dodging skill increases to level 5!
Unknown command.
You tentacle-slap the wight. Your grab misses the wight.
You squeeze the wight, but do no damage.
The wight closely misses you.
You bludgeon the wight! You grab the wight. You constrict the wight.
The wight hits you but does no damage.
You bludgeon the wight!
You destroy the wight!
You tentacle-slap the wight but do no damage.
Your grab misses the wight. You barely miss the wight. You grab the wight.
You squeeze the wight!
You constrict the wight, but do no damage.
The wight misses you.
You bludgeon the wight!
You destroy the wight!
A wight comes into view. It is wielding a +4 war axe.
Items here: ))) [[[.
Found a stone staircase leading down.
Unknown command.
The helpless wight fails to defend itself.
You tentacle-slap the wight. Your grab misses the wight.
Your squeeze misses the wight.
The wight hits you with a +5 scimitar of freezing!
You feel drained. The wight freezes you. 😮 HP[-24]
You now have 51 max hp (-2).
You take 24 damage, and now have 29/51 hp.
MASSIVE DAMAGE!! (PAUSE)
You bludgeon the wight! You grab the wight.
You constrict the wight, but do no damage.
The wight hits you with a +5 scimitar of freezing!!
* * * LOW HITPOINT WARNING * * *
You feel drained.
* * * LOW HITPOINT WARNING * * *
The wight freezes you.
You die...

Skill      XL: |  1  2  3  4  5  6  7  8  9 |
---------------+----------------------------+-----
Stealth        | 1 2 3 4 5 |  5.0
Unarmed Combat | 4 5 6 8 9 |  9.2
Shapeshifting  | 4 5 7 |  7.8
Dodging        | 3 5 |  5.1
Fighting       | |  1.0

Action                     |  1- 3 |  4- 6 |  7- 9 || total
---------------------------+-------+-------+-------++-------
  Melee: Unarmed           |    72 |   121 |   194 ||   387
         Constrict         |    16 |    29 |    48 ||    93
         Tentacles         |    10 |    30 |    49 ||    89
         Punch             |     1 |     2 |    11 ||    14
    Use: Scroll            |       |     7 |     2 ||     9
         Potion            |       |     2 |     8 ||    10
   Stab: Sleeping          |    12 |    11 |    11 ||    34
         Distracted        |       |       |     1 ||     1
 Armour: Skin              |     8 |    27 |    14 ||    49
  Dodge: Dodged            |    44 |    60 |   131 ||   235

Levels and vault maps discovered:
D:1:      nagdon_arrival_zigzag_paths, layout_basic
D:2:      layout_basic, dilly_ecumenical_altar_fadedgnrine
D:3:      layout_rooms, zin_academy, lemuel_doored_altar, serial_shops,
          nicolae_shop_crystal, gup_sewer_entry_glass, kennysheep_generic_room_8
D:4:      layout_cave_pods, mainiacjoe_overflow_tiny_flanked,
          hangedman_glass_teeth, chequers_serial_rivers_micro_e, uniq_duvessa
D:5:      layout_rooms, nicolae_elyvilon_temple_path, makhleb_altar_promises_db,
          ebering_ghost_reflecting_pool, roderic_lattice_a,
          kennysheep_nondescript
D:6:      layout_basic, mainiacjoe_overflow_alcove_3, minmay_temple_entry_fiery
D:7:      layout_cave_pools, nicolae_wu_jian_immortal_techniques
D:8:      layout_cave_pools, grunt_ashenzari_visionary
          [grunt_ashenzari_visionary_swamp, grunt_ashenzari_visionary_snake],
          disabler_island
Temple:   pf_temple_reverse_labyrinth

Notes
Turn   | Place    | Note
-------+----------+-------------------------------------------
     0 | D:1      | ytrimaz the Octopode Shapeshifter began the quest for the
                  | Orb.
     0 | D:1      | Reached XP level 1. HP: 13/13 MP: 1/1
     0 | D:1      | magus.rc [v1.9.6]
    86 | D:1      | Reached skill level 1 in Stealth
   122 | D:1      | Reached XP level 2. HP: 18/18 MP: 2/2
   329 | D:1      | Reached skill level 2 in Stealth
   409 | D:1      | Reached XP level 3. HP: 23/23 MP: 3/3
   491 | D:1      | You fall into a shaft and drop 1 floor!
   637 | D:2      | Identified the +9 spear "Hydrabane" {heavy, Contam rElec
                  | rPois Dex-3}
   818 | D:2      | Reached XP level 4. HP: 16/28 MP: 4/4
   951 | D:2      | Found a faded altar of an unknown god.
   992 | D:2      | Reached skill level 3 in Stealth
  1170 | D:3      | Found a glowing silver altar of Zin.
  1189 | D:3      | Reached skill level 4 in Unarmed Combat
  1189 | D:3      | Reached XP level 5. HP: 22/33 MP: 5/5
  1235 | D:3      | You add the spells Ozocubu's Armour and Ozocubu's
                  | Refrigeration to your library.
  1264 | D:3      | Reached skill level 4 in Stealth
  1283 | D:3      | Found a glowing drain.
  1315 | D:3      | Reached skill level 4 in Shapeshifting
  1376 | Sewer    | Entered a sewer
  1465 | Sewer    | Reached XP level 6. HP: 33/38 MP: 6/6
  1798 | D:3      | Found Cipiyc's Assorted Antiques.
  1806 | D:3      | Bought 2 inky potions for 54 gold pieces
  1820 | D:3      | Reached skill level 5 in Stealth
  1959 | D:3      | Found a hazy altar of Hepliaklqana.
  2067 | D:4      | Noticed Duvessa
  2070 | D:4      | Noticed Dowan
  2081 | D:4      | HP: 6/38 [Duvessa/+0 rapier (10)]
  2083 | D:4      | Killed Duvessa
  2084 | D:4      | Reached skill level 5 in Unarmed Combat
  2115 | D:4      | HP: 8/38 [Dowan/+0 dagger (2)]
  2119 | D:4      | Killed Dowan
  2120 | D:4      | Reached skill level 5 in Shapeshifting
  2120 | D:4      | Reached XP level 7. HP: 7/43 MP: 7/7
  2706 | D:4      | Found a hide-covered altar of Uskayaw.
  3287 | D:5      | Entered Level 5 of the Dungeon
  3301 | D:5      | Reached skill level 6 in Unarmed Combat
  3431 | D:5      | Found a white marble altar of Elyvilon.
  3478 | D:5      | Found a runed translucent door.
  3582 | D:5      | Reached XP level 8. HP: 45/48 MP: 8/8
  3586 | D:5      | Noticed LobsterGuardian's ghost (weakling GnDe)
  3614 | D:5      | Reached skill level 6 in Shapeshifting
  3920 | D:5      | Reached skill level 7 in Unarmed Combat
  4169 | D:5      | Found a burning altar of Makhleb.
  4169 | D:5      | Noticed an Executioner
  4233 | D:6      | HP: 5/48 [sleepcap (11)]
  4238 | D:6      | HP: 6/48 [sleepcap (5)]
  4471 | D:6      | Reached skill level 7 in Shapeshifting
  4517 | D:6      | Found an ancient bone altar of Kikubaaqudgha.
  4517 | D:6      | Found a shadowy altar of Dithmenos.
  4519 | D:6      | Found a snail-covered altar of Cheibriados.
  4519 | D:6      | Found an opulent altar of Gozag.
  4631 | D:6      | HP: 12/48 [centaur (3)]
  4633 | D:6      | Noticed a hornet
  4634 | D:6      | Reached skill level 8 in Unarmed Combat
  4636 | D:6      | HP: 11/48 [hornet (2)]
  4642 | D:6      | Killed a hornet
  4643 | D:6      | Reached skill level 3 in Dodging
  4643 | D:6      | Reached XP level 9. HP: 29/53 MP: 9/9
  5100 | D:6      | Reached skill level 4 in Dodging
  5341 | D:6      | Found a staircase to the Ecumenical Temple.
  5347 | Temple   | Entered the Ecumenical Temple
  5941 | D:7      | HP: 12/53 [something (5)]
  5942 | D:7      | Reached skill level 9 in Unarmed Combat
  5991 | D:7      | You pick up a book of Changes and begin reading...
  5991 | D:7      | You add the spells Wereblood and Irradiate to your library.
  6059 | D:7      | Found an ornate altar of the Wu Jian Council.
  6313 | D:8      | Noticed an oklob plant
  6323 | D:8      | You add the spells Cigotuvi's Dreadful Rot, Ignite Poison
                  | and Freezing Cloud to your library.
  6381 | D:8      | Reached skill level 5 in Dodging
  6392 | D:8      | HP: 9/51 [wight/+5 scimitar of freezing (20)]
  6392 | D:8      | HP: 4/49 [wight/+5 scimitar of freezing (5)]
  6392 | D:8      | Slain by a wight

Vanquished Creatures
  A hornet (D:6)
  A steam dragon (D:7)
  2 water moccasins
  Duvessa (D:4)
  A sky beast (D:6)
  2 black bears
  5 ogres
  3 centaurs
  4 scorpions
  A bullfrog (D:7)
  Dowan (D:4)
  3 wights (D:8)
  5 hounds
  2 jellies
  4 orc priests
  2 sleepcaps
  An iguana (D:5)
  An orc wizard (D:8)
  A hell rat (Sewer)
  8 adders
  10 gnolls
  4 river rats (Sewer)
  2 shadow imps
  2 worms
  4 dart slugs
  23 orcs
  9 ball pythons
  5 bats
  6 endoplasms
  6 giant cockroaches
  7 goblins
  6 hobgoblins
  7 jackals
  9 kobolds
  2 quokkas
  6 frilled lizards
  13 rats
170 creatures vanquished.

Table legend:
 A = Non-vault XP
 B = Vault XP
 C = Vault XP percentage of total XP
 D = Non-vault monster count
 E = Vault monster count
 F = Vault count percentage of total count
                 A         B        C        D         E       F
            +---------+---------+-------+---------+---------+-------
      Total |    3766 |     343 |   8.3 |     152 |      18 |  10.6
            +---------+---------+-------+---------+---------+-------
        D:1 |      38 |       0 |   0.0 |      24 |       0 |   0.0
        D:2 |     115 |       0 |   0.0 |      26 |       0 |   0.0
        D:3 |     142 |      34 |  19.3 |      21 |       6 |  22.2
        D:4 |     289 |     219 |  43.1 |      21 |       2 |   8.7
        D:5 |     815 |       0 |   0.0 |      22 |       0 |   0.0
        D:6 |    1499 |       0 |   0.0 |      18 |       0 |   0.0
        D:7 |     525 |       0 |   0.0 |      12 |       0 |   0.0
        D:8 |     343 |       0 |   0.0 |       8 |       0 |   0.0
      Sewer |       0 |      90 | 100.0 |       0 |      10 | 100.0
            +---------+---------+-------+---------+---------+-------

Skill      XL: |  1  2  3  4  5  6  7  8  9 |
---------------+----------------------------+-----
Stealth        | 1 2 3 4 5 |  5.0
Unarmed Combat | 4 5 6 8 9 |  9.2
Shapeshifting  | 4 5 7 |  7.8
Dodging        | 3 5 |  5.1
Fighting       | |  1.0

Action                     |  1- 3 |  4- 6 |  7- 9 || total
---------------------------+-------+-------+-------++-------
  Melee: Unarmed           |    72 |   121 |   194 ||   387
         Constrict         |    16 |    29 |    48 ||    93
         Tentacles         |    10 |    30 |    49 ||    89
         Punch             |     1 |     2 |    11 ||    14
    Use: Scroll            |       |     7 |     2 ||     9
         Potion            |       |     2 |     8 ||    10
   Stab: Sleeping          |    12 |    11 |    11 ||    34
         Distracted        |       |       |     1 ||     1
 Armour: Skin              |     8 |    27 |    14 ||    49
  Dodge: Dodged            |    44 |    60 |   131 ||   235

Illustrated notes

Table legend:
 A = Kills in this place as a percentage of kills in the entire game.
 B = Kills by you in this place as a percentage of kills by you in the entire game.
 C = Kills by friends in this place as a percentage of kills by friends in the entire game.
 D = Other kills in this place as a percentage of other kills in the entire game.
 E = Experience gained in this place as a percentage of experience gained in the entire game.
 F = Experience gained in this place divided by the number of levels of this place that you have seen.
                   A       B       C       D       E      F
               +-------+-------+-------+-------+-------+----------------------
         Total | 100.0 | 100.0 |   N/A |   N/A | 100.0 | 410.9
       Dungeon |  94.1 |  94.1 |   N/A |   N/A |  97.8 | 502.4
         Sewer |   5.9 |   5.9 |   N/A |   N/A |   2.2 |  90.0
               +-------+-------+-------+-------+-------+----------------------

Table legend: (Time is in decaauts)
 A = Elapsed time spent in this place.
 B = Non-inter-level travel time spent in this place.
 C = Inter-level travel time spent in this place.
 D = Time resting spent in this place.
 E = Time spent auto-exploring this place.
 F = Levels seen in this place.
 G = Mean time per level.
                   A        B        C        D        E       F      G
               +--------+--------+--------+--------+--------+-----+--------+
         Total |   6335 |   6163 |    172 |    232 |   4701 |  10 |  633.5 |
       Dungeon |   6198 |   6026 |    172 |    232 |   4641 |   8 |  774.8 |
        Temple |      3 |      3 |      0 |      0 |      0 |   1 |    3.0 |
         Sewer |    133 |    133 |      0 |      0 |     60 |   1 |  133.0 |
               +--------+--------+--------+--------+--------+-----+--------+

Top non-repeatable levels by time:
     D:6: 1330 daAuts
     D:4: 1213 daAuts
     D:5: 910 daAuts
     D:3: 757 daAuts
     D:7: 716 daAuts
     D:2: 675 daAuts
     D:1: 488 daAuts
   Sewer: 133 daAuts
     D:8: 106 daAuts
  Temple: 3 daAuts
